 Dungeon Crawl Stone Soup version 0.21.1-1-g345015f (webtiles) character file.

1778 poirepourri the Thaumaturge (level 8, -13/41 HPs)
             Began as a Deep Elf Conjurer on July 19, 2018.
             Mangled by a manticore (19 damage)
             ... on level 6 of the Dungeon.
             The game lasted 00:10:51 (9683 turns).

poirepourri the Thaumaturge (Deep Elf Conjurer)     Turns: 9683, Time: 00:10:52

Health: -13/41     AC:  7    Str:  5    XL:     8   Next: 81%
Magic:  2/26       EV: 13    Int: 23    God:
Gold:   159        SH:  0    Dex: 15    Spells: 13/31 levels left

rFire    . . .     SeeInvis .   d - +2 short sword
rCold    . . .     Gourm    .   (no shield)
rNeg     + . .     Faith    .   v - +0 robe {MR+}
rPois    .         Spirit   .   (no helmet)
rElec    .         Reflect  .   k - +0 cloak
rCorr    .         Harm     .   D - +2 pair of gloves
MR       ++...                  e - +0 pair of boots
Stlth    ++........             (no amulet)
HPRegen  0.13/turn              A - ring of protection from magic
MPRegen  0.20/turn              x - ring of positive energy

@: barbed spikes
A: no striking features
a: no special abilities


You were on level 6 of the Dungeon.
You were hungry.

You visited 1 branch of the dungeon, and saw 6 of its levels.
You also visited: Ossuary.

You collected 255 gold pieces.
You spent 96 gold pieces at shops.

Inventory:

Hand Weapons
 d - a +2 short sword (weapon)
Missiles
 i - 7 silver tomahawks (quivered)
Armour
 e - a +0 pair of boots (worn)
 k - a +0 cloak (worn)
 m - a +0 buckler
 v - a +0 robe of magic resistance (worn)
 D - a +2 pair of gloves (worn)
Jewellery
 a - an uncursed amulet of magic regeneration
 f - a +3 ring of slaying
 u - an uncursed ring of stealth {unknown}
 x - a ring of positive energy (right hand)
 A - a ring of protection from magic (left hand)
 F - a cursed -4 ring of strength {unknown}
 G - an uncursed ring of fire {unknown}
Wands
 c - a wand of iceblast (6)
 y - a wand of random effects (34)
Scrolls
 l - 2 scrolls of amnesia
 p - a scroll of remove curse
 s - 2 scrolls of blinking
 w - 2 scrolls of teleportation
Potions
 g - 2 potions of agility
 h - 3 potions of mutation
 j - a potion of ambrosia
 o - 4 potions of curing
 q - a potion of flight
 r - a potion of brilliance
 t - a potion of berserk rage
 z - a potion of lignification
 C - a potion of degeneration {unknown}
 E - a potion of might {unknown}
Books
 b - a book of Conjurations

   Spells                             Type                      Level
   a - Magic Dart                     Conjuration                  1
   b - Searing Ray                    Conjuration                  2
   c - Dazzling Spray                 Conjuration/Hexes            3
   d - Fulminant Prism                Conjuration/Hexes            4
   e - Force Lance                    Conjuration/Translocation    4
   f - Iskenderun's Mystic Blast      Conjuration                  4
 n - a book of Maledictions

   Spells                             Type                      Level
   a - Corona                         Hexes                        1
   b - Ensorcelled Hibernation        Hexes/Ice                    2
   c - Confuse                        Hexes                        3
   d - Tukima's Dance                 Hexes                        3
   e - Dazzling Spray                 Conjuration/Hexes            3
Comestibles
 B - a ration


   Skills:
 - Level 2.4 Dodging
 - Level 2.4 Stealth
 + Level 12.3 Spellcasting
 - Level 8.2 Conjurations


You had 13 spell levels left.
You knew the following spells:

 Your Spells              Type           Power        Failure   Level  Hunger
a - Magic Dart            Conj           ####         1%          1    None
b - Searing Ray           Conj           ######       1%          2    None
c - Dazzling Spray        Conj/Hex       ####..       2%          3    None
d - Fulminant Prism       Conj/Hex       ####......   9%          4    None
e - Force Lance           Conj/Tloc      ####....     9%          4    None
f - Iskenderun's Mystic   Conj           ######..     1%          4    None


Dungeon Overview and Level Annotations

Branches:
Dungeon (6/15)
 Temple: D:4-7

Altars:
Gozag
Kikubaaqudgha
Okawaru
Xom

Shops:
D:4 [   D:5 [


Message History

The barbed spikes become lodged in your body.
The searing ray hits the manticore.
The manticore is severely wounded.
You finish channeling your searing ray.
The manticore flicks its tail.
The volley of spikes hits you!
The barbed spikes become lodged in your body.
* * * LOW HITPOINT WARNING * * *
Casting: Searing Ray
Confirm with . or Enter, or press ? or * to list all spells.
Aiming: Searing Ray
Press: ? - help, Shift-Dir - straight line, f/p - manticore
Aim: a manticore (severely wounded)
The searing ray hits the manticore.
The manticore is severely wounded. (Press . to maintain the ray.)
The searing ray hits the manticore.
The manticore is almost dead.
The manticore bites you!!
You die...

.............
###..####'## ##.#......
### #...##.## ###.## #
##. #.# #.##)# .# # #.#
#...## #.# #.##
#.##.##H# #.#.
##.###.@.# ..#. #..#
#.##.# ..#. #.##$.#. #
#. #.#### ## #. #.# #.
#.# #.
#.#####################.
#.......................
###.####################


You could see a manticore.

Vanquished Creatures
  Grinder (D:4)
  A hippogriff (D:6)
  A centaur (D:6)
  An ogre (D:6)
  3 bullfrogs (D:6)
  4 water moccasin zombies (Ossuary)
  A scorpion (D:6)
  3 howler monkeys
  2 crimson imps (D:5)
  An orc priest (D:6)
  A hound (D:6)
  A centaur skeleton (D:4)
  A jelly (D:5)
  A bullfrog skeleton (D:3)
  An iguana (D:5)
  An orc wizard (D:6)
  Natasha (D:3)
  4 worker ants
  2 mummies (Ossuary)
  4 gnolls (D:2)
  A river rat (D:4)
  11 adders
  A shadow imp (D:6)
  5 adder zombies (Ossuary)
  An ooze (D:3)
  An adder skeleton (D:4)
  4 worms
  2 dart slugs
  A leopard gecko (D:4)
  6 orcs
  7 bats
  5 giant cockroaches
  3 gnoll zombies (Ossuary)
  8 goblins
  6 hobgoblins
  2 jackals (D:4)
  A quokka (D:4)
  2 ball pythons
  8 frilled lizards
  3 hobgoblin zombies (Ossuary)
  5 kobolds
  5 kobold zombies (Ossuary)
  4 orc zombies (Ossuary)
  A quokka skeleton (D:6)
  11 rats
139 creatures vanquished.

Vanquished Creatures (others)
  A hobgoblin zombie (Ossuary)
1 creature vanquished.

Grand Total: 140 creatures vanquished

Notes
Turn   | Place    | Note
-------+----------+-------------------------------------------
     0 | D:1      | poirepourri the Deep Elf Conjurer began the quest for the Orb.
     0 | D:1      | Reached XP level 1. HP: 10/10 MP: 6/6
   209 | D:1      | Reached skill level 4 in Spellcasting
   209 | D:1      | Reached XP level 2. HP: 15/15 MP: 6/9
   553 | D:1      | Learned a level 2 spell: Searing Ray
   875 | D:2      | Reached skill level 5 in Spellcasting
   875 | D:2      | Reached XP level 3. HP: 19/19 MP: 6/11
  1326 | D:3      | Reached XP level 4. HP: 24/24 MP: 9/13
  1353 | D:3      | Reached skill level 6 in Spellcasting
  1518 | D:3      | Learned a level 3 spell: Dazzling Spray
  1527 | D:3      | Learned a level 4 spell: Fulminant Prism
  1532 | D:3      | Learned a level 4 spell: Force Lance
  1674 | D:3      | Reached skill level 7 in Spellcasting
  1895 | D:3      | Found a faded altar of an unknown god.
  1930 | D:3      | Reached XP level 5. HP: 27/28 MP: 12/17
  2039 | D:3      | Found an opulent altar of Gozag.
  2044 | D:3      | Found an ancient bone altar of Kikubaaqudgha.
  2342 | D:3      | Noticed Natasha
  2346 | D:3      | Killed Natasha
  2515 | D:4      | Found a sand-covered staircase.
  2520 | Ossuary  | Entered an ossuary
  2849 | Ossuary  | Reached skill level 8 in Spellcasting
  3636 | Ossuary  | Reached XP level 6. HP: 11/32 MP: 3/19
  3922 | Ossuary  | Reached skill level 5 in Conjurations
  5989 | D:4      | Found an iron altar of Okawaru.
  6005 | D:4      | Learned a level 4 spell: Iskenderun's Mystic Blast
  6015 | D:4      | Noticed Grinder
  6021 | D:4      | Paralysed by Grinder for 4 turns
  6433 | D:4      | Killed Grinder
  6433 | D:4      | Reached XP level 7. HP: 36/36 MP: 5/20
  7273 | D:4      | You fall through a shaft!
  7273 | D:5      | Entered Level 5 of the Dungeon
  7834 | D:4      | Reached skill level 9 in Spellcasting
  8066 | D:4      | Found Zumegheg's Antique Armour Boutique.
  8074 | D:4      | Bought a runed robe for 96 gold pieces
  8195 | D:5      | Found a shimmering altar of Xom.
  8240 | D:5      | Reached XP level 8. HP: 38/41 MP: 15/23
  8422 | D:5      | Found Banydune's Antique Armour Shop.
  8960 | D:6      | Reached skill level 10 in Spellcasting
  9023 | D:6      | Noticed a hippogriff
  9032 | D:6      | Killed a hippogriff
  9032 | D:6      | Reached skill level 11 in Spellcasting
  9663 | D:6      | Reached skill level 12 in Spellcasting
  9678 | D:6      | Noticed a manticore
  9683 | D:6      | Mangled by a manticore

Skill      XL: |  1  2  3  4  5  6  7  8 |
---------------+-------------------------+-----
Spellcasting   | 4 5 7 8 9 12 | 12.3
Conjurations   | 7 8 |  8.2
Dodging        | |  2.4
Stealth        | |  2.4

Action                   |  1- 3 |  4- 6 |  7- 9 || total
-------------------------+-------+-------+-------++-------
Melee: Short sword       |       |     6 |     5 ||    11
 Cast: Magic Dart        |    54 |    50 |    57 ||   161
       Searing Ray       |       |    38 |    37 ||    75
       Dazzling Spray    |       |     4 |     1 ||     5
       Iskenderun's Myst |       |       |     3 ||     3
  Use: Scroll            |     9 |     4 |     6 ||    19
       Potion            |       |     6 |       ||     6
  Eat: Ration            |     1 |     4 |     1 ||     6
       Chunk             |       |     1 |     4 ||     5
Armor: Robe              |       |    24 |    14 ||    38
Dodge: Dodged            |     3 |    48 |    38 ||    89
